 Dungeon Crawl Stone Soup version 0.26.0-10-g1f06aea511 (webtiles) character file.

Game seed: 8442503203072663218

1904 jmlagarto the Vexing (level 9, -1/67 HPs)
             Began as a Gnoll Arcane Marksman on Jan 14, 2021.
             Was a Believer of Elyvilon.
             Killed by nerve-wracking pain
             ... invoked by an orc priest
              (14 damage)
             ... on level 6 of the Dungeon.
             The game lasted 00:24:41 (9867 turns).

jmlagarto the Vexing (Gnoll Arcane Marksman)        Turns: 9867, Time: 00:24:42

Health: -1/67      AC: 10    Str: 12    XL:     9   Next: 16%
Magic:  16/16      EV: 16    Int: 17    God:    Elyvilon [**....]
Gold:   319        SH:  0    Dex: 18    Spells: 7/17 levels left

rFire    . . .     SeeInvis .   q - +1 flail (protect)
rCold    . . .     Faith    .   (no shield)
rNeg     . . .     Spirit   .   b - +0 leather armour
rPois    .         Reflect  .   (no helmet)
rElec    .         Harm     .   (no cloak)
rCorr    .         Rampage  .   (no gloves)
Will     .....                  (no boots)
Stlth    +++.......             (no amulet)
HPRegen  0.21/turn              m - ring of wizardry
MPRegen  0.15/turn              (no ring)

@: lethally poisoned (-1 -> -9), protection aura
A: distributed training, fangs 1, strong nose
a: Renounce Religion, Lesser Healing, Heal Other, Divine Protection


You were on level 6 of the Dungeon.
You worshipped Elyvilon.
Elyvilon was pleased with you.
You visited 2 branches of the dungeon, and saw 7 of its levels.

You collected 319 gold pieces.

Inventory:

Hand Weapons
 a - a +0 shortbow
 q - a +1 flail of protection (weapon)
 s - a +0 dagger of venom
Missiles
 d - 37 arrows
 p - 7 poisoned darts (quivered)
 B - 7 boomerangs
Armour
 b - a +0 leather armour (worn)
 y - a +1 plate armour of fire resistance
Magical Staves
 o - an uncursed staff of conjuration
 t - an uncursed staff of poison
Jewellery
 m - a ring of wizardry (left hand)
 A - an uncursed ring of ice {unknown}
Wands
 l - a wand of paralysis (21)
 u - a wand of flame (23)
Scrolls
 e - 2 scrolls of amnesia
 h - 2 scrolls of remove curse
 i - 2 scrolls of teleportation
 n - 2 scrolls of fog
 v - a scroll of immolation {unknown}
 x - a scroll of identify
Potions
 c - 2 potions of might {unknown}
 f - 2 potions of curing
 g - a potion of magic {unknown}
 j - a potion of mutation {unknown}
 k - 2 potions of attraction {unknown}
 r - 2 potions of heal wounds {unknown}
 w - a potion of cancellation {unknown}
 z - a potion of flight {unknown}


   Skills:
 + Level 4.8 Fighting
 + Level 4.0 Short Blades
 + Level 4.0 Long Blades
 + Level 4.0 Axes
 + Level 4.0 Maces & Flails
 + Level 4.0 Polearms
 + Level 4.0 Staves
 + Level 4.0 Slings
 + Level 6.1 Bows
 + Level 4.0 Crossbows
 + Level 4.0 Throwing
 + Level 4.0 Armour
 + Level 6.1 Dodging
 + Level 4.0 Stealth
 + Level 4.0 Shields
 + Level 4.0 Unarmed Combat
 + Level 4.9 Spellcasting
 + Level 3.2 Conjurations
 + Level 6.4 Hexes
 + Level 3.2 Summonings
 + Level 3.2 Necromancy
 + Level 3.2 Translocations
 + Level 3.2 Transmutations
 + Level 3.2 Fire Magic
 + Level 3.2 Ice Magic
 + Level 3.2 Air Magic
 + Level 3.2 Earth Magic
 + Level 3.2 Poison Magic
 + Level 4.3 Invocations
 + Level 4.0 Evocations


You had 7 spell levels left.
You knew the following spells:

 Your Spells              Type           Power        Failure   Level
a - Corona                Hex            28%          1%          1
b - Slow                  Hex            26%          1%          2
c - Portal Projectile     Hex/Tloc       40%          3%          3
d - Cause Fear            Hex            13%          5%          4

Your spell library contained the following spells:

 Spells                   Type           Power        Failure   Level
 Inner Flame              Hex/Fire       20%          3%          3
 Leda's Liquefaction      Hex/Erth       10%          10%         4


Dungeon Overview and Level Annotations

Branches:
Dungeon (6/15)             Temple (1/1) D:6

Altars:
Ashenzari
Cheibriados
Elyvilon
Fedhas
Gozag
Hepliaklqana
Kikubaaqudgha
Nemelex Xobeh
Okawaru
Qazlal
Ru
Sif Muna
Trog
Uskayaw
Vehumet
Wu Jian
Xom
Yredelemnul
Zin
The Shining One


Innate Abilities, Weirdness & Mutations

Your experience applies equally to all skills.
You have very sharp teeth.
Your uncanny sense of smell can sniff out nearby items.


Message History

You feel sick.
You hit the orc wizard but do no damage.
Your weapon exudes an aura of protection.
You bite the orc wizard, but do no damage.
The orc wizard is severely wounded.
You feel sick.
The orc wizard gestures wildly while chanting.
The orc wizard blinks!
The orc priest calls down the wrath of Beogh upon you.
Beogh smites you!
* * * LOW HITPOINT WARNING * * *
The orc hits you but does no damage.
Unknown command.
You thump the orc!
You kill the orc!
You feel sick.
You feel sick.
The orc priest invokes the aid of Beogh against you.
Pain shoots through your body!
You die...

##.## ##.## # #.# #.#
#. #.# #.. ##'# #.#
.... ##...##)# ..## .
##.....#.# # #..#
#.#.......^# .###
#P≈≈
#..........####....##
≈≈P♣
((.(....o..).@.......
#.(((......####....##
#.....o.## .#.#
##(....## # ##...##
##'## #. #. #.


You could see an orc priest and an orc wizard (fast).

Vanquished Creatures
  Grinder (D:5)
  A sky beast (D:6)
  2 ice beasts (D:6)
  4 ogres
  A phantom (D:6)
  A water moccasin skeleton (D:4)
  A scorpion (D:4)
  An electric eel (D:6)
  2 hounds
  A jelly (D:6)
  2 centaur skeletons (D:4)
  4 orc priests
  5 orc wizards
  Terence (D:2)
  Natasha (thrice) (D:2)
  3 worker ants
  A hound skeleton (D:4)
  Robin (D:4)
  4 gnolls (D:4)
  9 adders
  2 ufetubi (D:6)
  3 oozes
  2 worms
  2 dart slugs
  6 leopard geckos
  29 orcs
  6 bats
  4 giant cockroaches
  18 goblins
  5 hobgoblins
  10 jackals
  5 quokkas
  A ball python (D:4)
  2 frilled lizards
  8 kobolds
  A leopard gecko skeleton (D:6)
  A leopard gecko zombie (D:6)
  A quokka skeleton (D:5)
  4 rats
158 creatures vanquished.

Vanquished Creatures (others)
  81 plants
81 creatures vanquished.

Grand Total: 239 creatures vanquished

Notes
Turn   | Place    | Note
-------+----------+-------------------------------------------
     0 | D:1      | jmlagarto the Gnoll Arcane Marksman began the quest for the
                  | Orb.
     0 | D:1      | Reached XP level 1. HP: 17/17 MP: 4/4
   150 | D:1      | Reached XP level 2. HP: 23/23 MP: 5/5
   697 | D:2      | Reached XP level 3. HP: 27/28 MP: 7/7
   936 | D:2      | Noticed Natasha
   941 | D:2      | Killed Natasha
   942 | D:2      | Reached skill level 1 in Short Blades
   942 | D:2      | Reached skill level 1 in Long Blades
   942 | D:2      | Reached skill level 1 in Axes
   942 | D:2      | Reached skill level 1 in Maces & Flails
   942 | D:2      | Reached skill level 1 in Polearms
   942 | D:2      | Reached skill level 1 in Staves
   942 | D:2      | Reached skill level 1 in Slings
   942 | D:2      | Reached skill level 1 in Crossbows
   942 | D:2      | Reached skill level 1 in Throwing
   942 | D:2      | Reached skill level 1 in Armour
   942 | D:2      | Reached skill level 1 in Stealth
   942 | D:2      | Reached skill level 1 in Shields
   942 | D:2      | Reached skill level 1 in Unarmed Combat
   942 | D:2      | Reached skill level 1 in Invocations
   942 | D:2      | Reached skill level 1 in Evocations
   942 | D:2      | Reached XP level 4. HP: 34/34 MP: 6/8
  1021 | D:2      | Learned a level 2 spell: Slow
  1031 | D:2      | Noticed Natasha
  1038 | D:2      | Killed Natasha
  1102 | D:2      | Noticed Natasha
  1110 | D:2      | Killed Natasha
  1111 | D:2      | Reached skill level 1 in Conjurations
  1111 | D:2      | Reached skill level 1 in Summonings
  1111 | D:2      | Reached skill level 1 in Necromancy
  1111 | D:2      | Reached skill level 1 in Translocations
  1111 | D:2      | Reached skill level 1 in Transmutations
  1111 | D:2      | Reached skill level 1 in Fire Magic
  1111 | D:2      | Reached skill level 1 in Ice Magic
  1111 | D:2      | Reached skill level 1 in Air Magic
  1111 | D:2      | Reached skill level 1 in Earth Magic
  1111 | D:2      | Reached skill level 1 in Poison Magic
  1413 | D:2      | Reached XP level 5. HP: 34/40 MP: 9/9
  1619 | D:2      | Noticed Terence
  1697 | D:2      | Killed Terence
  2248 | D:3      | Found a glowing silver altar of Zin.
  2424 | D:3      | Found a white marble altar of Elyvilon.
  2434 | D:3      | Became a worshipper of Elyvilon the Healer
  2476 | D:3      | Found a sparkling altar of Nemelex Xobeh.
  2759 | D:3      | Reached XP level 6. HP: 45/47 MP: 10/10
  2995 | D:3      | Found a shimmering blue altar of Sif Muna.
  3159 | D:4      | Reached skill level 5 in Bows
  3159 | D:4      | Reached skill level 5 in Dodging
  3334 | D:3      | Reached XP level 7. HP: 40/52 MP: 12/12
  3708 | D:4      | Noticed Robin
  3803 | D:3      | Learned a level 3 spell: Portal Projectile
  4050 | D:4      | Killed Robin
  4082 | D:4      | Found a hazy altar of Hepliaklqana.
  4115 | D:4      | Found a bloodstained altar of Trog.
  4214 | D:4      | Found a hide-covered altar of Uskayaw.
  4215 | D:4      | Found a stormy altar of Qazlal.
  4219 | D:4      | Found a sacrificial altar of Ru.
  4278 | D:4      | Reached * piety under Elyvilon
  4918 | D:5      | Entered Level 5 of the Dungeon
  5535 | D:5      | Reached XP level 8. HP: 32/60 MP: 14/14
  6008 | D:5      | Noticed Grinder
  6069 | D:5      | Killed Grinder
  6882 | D:5      | Paralysed by an orc for 5 turns
  7308 | D:6      | Reached ** piety under Elyvilon
  7556 | D:6      | Found a staircase to the Ecumenical Temple.
  7939 | Temple   | Entered the Ecumenical Temple
  8886 | D:6      | Reached XP level 9. HP: 26/66 MP: 7/16
  9141 | D:6      | Learned a level 4 spell: Cause Fear
  9867 | D:6      | Killed from afar by an orc priest

Illustrated notes

Levels and vault maps discovered:
D:1:      lightli_arrival_noodles, layout_rooms, minmay_misc_feat_rugged
D:2:      layout_loops_cross, uniq_terence, uniq_natasha
D:3:      layout_basic, overflow_temple_1_default, lemuel_round_altar,
          marbit_many_paths, small_statue_intersection,
          nemelex_diamond_rough_becter
D:4:      layout_rooms, gammafunk_temple_overflow_forgotten,
          general_overflow_altar, enter_ossuary_5, bloody_trog, uniq_robin
D:5:      layout_layer_cave, serial_bayou_lagoon_a, uniq_grinder
D:6:      minmay_general_purpose_star, layout_loops_corners,
          minmay_temple_entry_hall, serial_bayou, serial_bayou_pond_c,
          serial_bayou_lake_a, serial_bayou_crossing, serial_bayou_shore_a,
          serial_shops, shop_fountains
Temple:   minmay_temple_bridge_abc

Skill      XL: |  1  2  3  4  5  6  7  8  9 |
---------------+----------------------------+-----
Short Blades   | 1 2 3 4 |  4.0
Long Blades    | 1 2 3 4 |  4.0
Axes           | 1 2 3 4 |  4.0
Maces & Flails | 1 2 3 4 |  4.0
Polearms       | 1 2 3 4 |  4.0
Staves         | 1 2 3 4 |  4.0
Slings         | 1 2 3 4 |  4.0
Crossbows      | 1 2 3 4 |  4.0
Throwing       | 1 2 3 4 |  4.0
Armour         | 1 2 3 4 |  4.0
Stealth        | 1 2 3 4 |  4.0
Shields        | 1 2 3 4 |  4.0
Unarmed Combat | 1 2 3 4 |  4.0
Invocations    | 1 2 3 4 |  4.3
Evocations     | 1 2 3 4 |  4.0
Spellcasting   | 3 4 |  4.9
Conjurations   | 1 2 3 |  3.2
Summonings     | 1 2 3 |  3.2
Necromancy     | 1 2 3 |  3.2
Translocations | 1 2 3 |  3.2
Transmutations | 1 2 3 |  3.2
Fire Magic     | 1 2 3 |  3.2
Ice Magic      | 1 2 3 |  3.2
Air Magic      | 1 2 3 |  3.2
Earth Magic    | 1 2 3 |  3.2
Poison Magic   | 1 2 3 |  3.2
Fighting       | 3 4 |  4.8
Bows           | 5 6 |  6.1
Dodging        | 5 6 |  6.1
Hexes          | 6 |  6.4

Action                   |  1- 3 |  4- 6 |  7- 9 || total
-------------------------+-------+-------+-------++-------
Melee: Flail             |       |       |    54 ||    54
       Shortbow          |       |       |     2 ||     2
       Bite              |       |       |     6 ||     6
 Fire: Shortbow          |    77 |   212 |   421 ||   710
 Cast: Corona            |     2 |    10 |    27 ||    39
       Slow              |       |     5 |    10 ||    15
       Portal Projectile |       |       |     4 ||     4
       Cause Fear        |       |       |     1 ||     1
  Use: Scroll            |     3 |     3 |     4 ||    10
       Potion            |       |       |     4 ||     4
Armor: Robe              |     5 |       |       ||     5
       Leather armour    |     5 |    19 |    34 ||    58
Dodge: Dodged            |    22 |    65 |   165 ||   252
